 Dungeon Crawl Stone Soup version 0.31-a0-986-g5e6e4ef867 (webtiles) character file.

Game seed: 3987130178696652930

820 lunkers the Martial Artist (level 8, -1/59 HPs)
             Began as a Meteoran Shapeshifter on Nov 20, 2023.
             Was a Believer of Okawaru.
             Slain by an ogre
             ... wielding a +0 giant spiked club
              (34 damage)
             ... on level 5 of the Dungeon.
             The game lasted 00:04:27 (1680 turns).

lunkers the Martial Artist (Meteoran Shapeshifter)  Turns: 1680, Time: 00:04:28

Health: -1/59      AC: 11    Str: 16    XL:     8   Next: 39%
Magic:  8/9        EV:  2    Int: 11    God:    Okawaru [**....]
Gold:   160        SH:  0    Dex: 16    Spells: 7/7 levels left

rFire   . .          .
                       - Unarmed
rCold   . . .        (no shield)
rNeg    . . .        l - +4 scale mail
rPois   .            (helmet currently unavailable)
rElec   .            (cloak currently unavailable)
rCorr   .            (gloves currently unavailable)
SInv    .            (boots currently unavailable)
Will    +....        (no amulet)
Stlth   +            (no ring)
HPRegen 0.29/turn    (no ring)
MPRegen 0.11/turn

%: no passive effects
@: beast-form, sleeping, heroic, glowing
A: beast (slay +3), sense surroundings 1, otherworldly, glowing, explore regen
a: Begin Untransformation, Renounce Religion, Heroism


You were on level 5 of the Dungeon.
You worshipped Okawaru.
Okawaru was pleased with you.
You were a hulking beast.
You visited 1 branch of the dungeon, and saw 5 of its levels.

You collected 160 gold pieces.

Inventory:

Armour
 l - a +4 scale mail (worn)
 n - a +0 cloak
Jewellery
 t - an amulet of faith
Talismans
 c - a beast talisman
 d - a flux talisman
Wands
 k - a wand of paralysis (8)
 x - a wand of flame (9)
Scrolls
 a - 2 scrolls of amnesia {unknown}
 b - a scroll of fear {unknown}
 e - a scroll of enchant weapon {unknown}
 g - a scroll of blinking {unknown}
 h - 2 scrolls of identify {unknown}
 i - a scroll of silence {unknown}
Potions
 f - a potion of haste {unknown}
 j - a potion of berserk rage {unknown}
 m - a potion of brilliance {unknown}
 o - 2 potions of enlightenment {unknown}
 p - a potion of mutation {unknown}
 q - a potion of curing {unknown}
 r - a potion of attraction {unknown}
 s - a potion of ambrosia {unknown}
 u - a potion of magic {unknown}
 v - a potion of degeneration {unknown}
 w - a potion of heal wounds {unknown}


   Skills:
 - Level 1.1(6.1) Fighting
 - Level 2.1(7.1) Dodging
 * Level 9.1(14.1) Unarmed Combat
 + Level 6.6 Shapeshifting


You had 7 spell levels left.
You didn't know any spells.
Your spell library contained the following spells:

 Spells                   Type           Power      Damage    Failure   Level
 Apportation              Tloc           0%         N/A       75%         1
 Jinxbite                 Hex            0%         N/A       87%         2
 Volatile Blastmotes      Fire/Tloc      0%         2d10      98%         3
 Fulminant Prism          Conj/Hex       0%         3d5       100%        4
 Iskenderun's Mystic Bla  Conj/Tloc      0%         2d3       100%        4
 Alistair's Intoxication  Tmut/Pois      0%         N/A       100%        5


Dungeon Overview and Level Annotations

Branches:
Dungeon (5/15) Zot: 1346   Temple (0/1) D:4

Altars:
Ashenzari
Gozag
Okawaru
Uskayaw
Xom

Shops:
D:4 *


Innate Abilities, Weirdness & Mutations

You are a hulking beast.
Your limbs bulge with bestial killing power. (Slay +3)
You passively map a small area around you.
You are easily found by Zot.
You glow in the dark.
You regain HP and MP as you explore.


Message History

Okawaru accepts your kill.
Your Unarmed Combat skill increases to level 9!
You punch the iguana!
The iguana is heavily wounded.
The iguana closely misses you.
You completely miss the iguana.
The iguana is heavily wounded.
The iguana bites you.
You punch the iguana!
You kill the iguana!
Okawaru accepts your kill.
An ogre comes into view. It is wielding a +0 giant spiked club.
You punch the sleepcap!
The sleepcap is heavily damaged.
The sleepcap closely misses you.
The ogre hits you with a +0 giant spiked club!
* * * LOW HITPOINT WARNING * * *
Okay, then.
You gain the combat prowess of a mighty hero.
The sentinel's mark upon you fades away.
The sleepcap releases spores at you but does no damage.
An adder comes into view.
Unknown command.
The adder hisses angrily.
You punch the ogre!
The ogre is moderately wounded.
The ogre barely misses you. The sleepcap closely misses you.
Unknown command.
You hit the ogre.
The ogre is heavily wounded.
Unknown command.
You barely miss the ogre.
The ogre is heavily wounded.
The sleepcap releases spores at you.
* * * LOW HITPOINT WARNING * * *
You are engulfed in a cloud of soporific spores!
You fall asleep.
The ogre hits you with a +0 giant spiked club!!
Ouch! That really hurt!
You die...

,*#.....##...l.........#.
,..##........<..........###
,,
..h.....................# *
, ,
......##................#
.....# #...........#.....,
..... ##........>.#....
.... ##.h.............. ...
, #.sf###....#...,
#..#...(##h# ...##.#
###..#..O..### , #........#
###..#....# ##. #..## ##*
###


You could see an ogre, a sleepcap, a scorpion and a hound.

Vanquished Creatures
  Grinder (D:4)
  An ice beast (D:5)
  A black bear (D:5)
  A scorpion (D:3)
  2 jellies (D:4)
  2 iguanas (D:5)
  Terence (D:3)
  Ijyb (D:3)
  2 orc wizards
  2 gnolls (D:4)
  6 adders
  A shadow imp (D:4)
  2 worms
  A dart slug (D:1)
  7 orcs
  6 bats
  4 endoplasms
  4 giant cockroaches
  8 goblins
  4 hobgoblins
  4 jackals (D:4)
  6 quokkas
  5 ball pythons
  A frilled lizard (D:1)
  7 kobolds
  6 rats
86 creatures vanquished.

Notes
Turn   | Place    | Note
-------+----------+-------------------------------------------
     0 | D:1      | lunkers the Meteoran Shapeshifter began the quest for the
                  | Orb.
     0 | D:1      | Reached XP level 1. HP: 16/16 MP: 2/2
   147 | D:1      | Reached XP level 2. HP: 23/23 MP: 3/3
   180 | D:1      | Reached skill level 4 in Unarmed Combat
   312 | D:1      | Reached XP level 3. HP: 27/28 MP: 4/4
   486 | D:2      | Reached XP level 4. HP: 33/35 MP: 5/5
   530 | D:2      | Found a faded altar of an unknown god.
   540 | D:2      | Prayed at the altar of an unknown god.
   540 | D:2      | Became a worshipper of Warmaster Okawaru
   540 | D:2      | Reached * piety under Okawaru
   571 | D:2      | Reached skill level 5 in Unarmed Combat
   723 | D:3      | Noticed Ijyb
   730 | D:3      | Paralysed by Ijyb for 5 turns
   739 | D:3      | Killed Ijyb
   740 | D:3      | Reached XP level 5. HP: 26/40 MP: 3/6
   774 | D:3      | Found an opulent altar of Gozag.
   842 | D:3      | Identified the +2 rapier of Analysis {vamp, Dex+6 SInv}
   868 | D:3      | Found a broken altar of Ashenzari.
  1068 | D:3      | Reached skill level 6 in Unarmed Combat
  1068 | D:3      | Reached XP level 6. HP: 20/47 MP: 7/7
  1073 | D:3      | Noticed Terence
  1077 | D:3      | Killed Terence
  1078 | D:3      | Reached skill level 5 in Shapeshifting
  1256 | D:4      | Found a staircase to the Ecumenical Temple.
  1349 | D:4      | Found a shimmering altar of Xom.
  1363 | D:4      | Found Xaownad's CLEARANCE SALE!.
  1410 | D:4      | Reached skill level 7 in Unarmed Combat
  1430 | D:4      | Identified the +5 plate armour of Fun {Dex+4}
  1455 | D:4      | Reached XP level 7. HP: 47/52 MP: 8/8
  1500 | D:4      | Noticed Grinder
  1511 | D:4      | Paralysed by Grinder for 5 turns
  1520 | D:4      | Killed Grinder
  1520 | D:4      | Reached ** piety under Okawaru
  1521 | D:4      | Reached skill level 8 in Unarmed Combat
  1599 | D:5      | Entered Level 5 of the Dungeon
  1599 | D:5      | Found a hide-covered altar of Uskayaw.
  1623 | D:5      | Reached XP level 8. HP: 52/59 MP: 9/9
  1673 | D:5      | Reached skill level 9 in Unarmed Combat
  1680 | D:5      | Slain by an ogre

Illustrated notes

Levels and vault maps discovered:
D:1:      wheals_arrival_linesprint, layout_basic, minmay_misc_feat_five
D:2:      layout_loops_ring, hellmonk_ecumenical_altar_pennies_from_heaven,
          minmay_distorted
D:3:      layout_rooms, nicolae_overflow_quartered_altars,
          mainiacjoe_overflow_alcove_4, grunt_decor_junction, uniq_terence,
          uniq_sigmund, uniq_ijyb
D:4:      layout_loops_cross, xom_teletrap_fun, minmay_temple_entry_grid,
          serial_shops, nicolae_take_the_stairs, cheibrodos_sewer_entry_bend,
          nicolae_shop_clearance, uniq_grinder
D:5:      layout_cave_pools, mainiacjoe_overflow_alcove_1

Skill      XL: |  1  2  3  4  5  6  7  8 |
---------------+-------------------------+-----
Unarmed Combat | 4 5 6 7 8 9 |  9.1
Shapeshifting  | 4 5 6 |  6.6
Fighting       | |  1.1
Dodging        | |  2.1

Action                     |  1- 3 |  4- 6 |  7- 9 || total
---------------------------+-------+-------+-------++-------
  Melee: Unarmed           |    66 |   101 |    71 ||   238
         Punch             |     1 |     3 |     4 ||     8
 Invoke: Heroism           |       |     1 |     1 ||     2
    Use: Potion            |       |     1 |       ||     1
 Armour: Animal skin       |    26 |    15 |       ||    41
         Scale mail        |       |    36 |    52 ||    88
         Skin              |       |     2 |       ||     2
  Dodge: Dodged            |    35 |    44 |    29 ||   108

Table legend: (Time is in decaauts)
 A = Elapsed time spent in this place.
 B = Non-inter-level travel time spent in this place.
 C = Inter-level travel time spent in this place.
 D = Time resting spent in this place.
 E = Time spent auto-exploring this place.
 F = Levels seen in this place.
 G = Mean time per level.
                   A        B        C        D        E       F      G
               +--------+--------+--------+--------+--------+-----+--------+
         Total |   1652 |   1612 |     40 |      0 |    982 |   5 |  330.4 |
       Dungeon |   1652 |   1612 |     40 |      0 |    982 |   5 |  330.4 |
               +--------+--------+--------+--------+--------+-----+--------+

Top non-repeatable levels by time:
     D:3: 502 daAuts
     D:1: 401 daAuts
     D:4: 373 daAuts
     D:2: 301 daAuts
     D:5: 74 daAuts
